 Dungeon Crawl Stone Soup version 0.26-a0-264-g3a471323bd (webtiles) character file.

Game seed: 10270386900677334802

326 BritishOli the Covered (level 6, -9/48 HPs)
             Began as a Demonspawn Fighter on July 11, 2020.
             Killed from afar by Dowan (12 damage)
             ... with a stone arrow
             ... on level 4 of the Dungeon.
             The game lasted 00:02:14 (3129 turns).

BritishOli the Covered (Demonspawn Fighter)         Turns: 3129, Time: 00:02:14

Health: -9/48      AC:  7    Str: 19    XL:     6   Next: 24%
Magic:  6/6        EV:  8    Int:  9    God:
Gold:   162        SH:  9    Dex: 12    Spells: 5/5 levels left

rFire    . . .     SeeInvis .   a - +0 long sword
rCold    . . .     Faith    +   c - +0 kite shield
rNeg     . . .     Spirit   .   b - +0 scale mail
rPois    .         Reflect  .   (no helmet)
rElec    .         Harm     .   (no cloak)
rCorr    .                      (no gloves)
MR       .....                  (no boots)
Stlth    +.........             l - amulet of faith
HPRegen  0.16/turn              j - ring of stealth
MPRegen  0.10/turn              (no ring)

@: no status effects
A: hooves 1, sturdy frame 1
a: no special abilities


You were on level 4 of the Dungeon.
You were not hungry.

You visited 1 branch of the dungeon, and saw 4 of its levels.

You collected 162 gold pieces.

Inventory:

Hand Weapons
 a - a +0 long sword (weapon)
Armour
 b - a +0 scale mail (worn)
 c - a +0 kite shield (worn)
Jewellery
 j - a ring of stealth (left hand)
 l - an amulet of faith (around neck)
Scrolls
 e - a scroll of amnesia {unknown}
 g - 2 scrolls of remove curse {unknown}
 h - 3 scrolls of identify {unknown}
 k - a scroll of immolation {unknown}
 n - a scroll of fear {unknown}
 o - a scroll of noise {unknown}
 p - 2 scrolls of teleportation {unknown}
 q - a scroll of random uselessness {unknown}
 s - a scroll of enchant weapon {unknown}
Potions
 d - 3 potions of might
 i - a potion of brilliance {unknown}
 m - a potion of ambrosia {unknown}
 r - a potion of resistance
 t - a potion of invisibility {unknown}
Comestibles
 f - 8 rations


   Skills:
 + Level 4.1 Fighting
 + Level 3.0 Long Blades
 * Level 4.6 Armour
 + Level 3.7 Shields


You had 5 spell levels left.
You didn't know any spells.
Your spell library was empty.

Dungeon Overview and Level Annotations

Branches:
Dungeon (4/15)
 Temple: D:4-7

Altars:

Annotations:
D:4 Dowan


Innate Abilities, Weirdness & Mutations

You have large cloven feet.
Your movements are slightly less encumbered by armour. (ER -2)


Message History

Dowan casts a spell.
Dowan blinks!
You block the phantom's attack.
Your shield and scale mail prevent you from hitting the phantom.
You kick the phantom.
The phantom is lightly damaged.
Dowan hits you but does no damage. The phantom barely misses you.
Dowan points at you and mumbles some strange words.
The shard of ice hits you!!
* * * LOW HITPOINT WARNING * * *
The phantom hits you but does no damage.
Dowan hits you but does no damage.
The phantom blinks!
You see here 11 poisoned darts.
You block Dowan's attack. You block Dowan's attack.
Dowan gestures at you while chanting. The shard of ice misses you.
Dowan casts a spell at you. The stone arrow hits you!
You die...

#..###...........
#....##########.#
#..##)....))..... ..#.
###.....######...# ## #...
..#.....(...##.#.# ... ...
#.#.##.#.........# ..h (.#
#.#.#..#...#.#.#..
#.#.#.##########.#.####..........
....#.##.......#@#.#......#.#.#..
#.#...##.......#.#.#.............
......)........#e#...##.#.#.#.#..
#.#.#.##.....(WW.##..##..........
... #.##.########.#..#####.......
#. ..##.......##.#........#.....
. ยง##########.#....########.#...
.. #.....#.##..## ###### ..
.....e$#.###.# .


You could see a phantom and Dowan (fast).

Vanquished Creatures
  Duvessa (D:4)
  A bullfrog skeleton (D:4)
  2 orc wizards (D:4)
  An iguana (D:4)
  2 adders (D:2)
  2 oozes
  2 worms
  2 leopard geckos (D:2)
  3 orcs (D:4)
  6 giant cockroaches
  12 goblins
  4 hobgoblins
  10 jackals
  A quokka (D:2)
  7 bats
  8 frilled lizards
  7 kobolds
  6 rats
77 creatures vanquished.

Notes
Turn   | Place    | Note
-------+----------+-------------------------------------------
     0 | D:1      | BritishOli the Demonspawn Fighter began the quest for the
                  | Orb.
     0 | D:1      | Reached XP level 1. HP: 18/18 MP: 1/1
   175 | D:1      | Gained mutation: Your movements are slightly less
                  | encumbered by armour. (ER -2) [demonic ancestry]
   175 | D:1      | Reached XP level 2. HP: 24/24 MP: 2/2
   649 | D:1      | Reached XP level 3. HP: 29/29 MP: 3/3
  1519 | D:2      | Reached XP level 4. HP: 30/35 MP: 4/4
  2503 | D:4      | HP: 1/35 [iguana (6)]
  2834 | D:4      | Gained mutation: You have large cloven feet. [demonic
                  | ancestry]
  2834 | D:4      | Reached XP level 5. HP: 38/42 MP: 5/5
  3066 | D:4      | Noticed Dowan
  3067 | D:4      | Noticed Duvessa
  3099 | D:4      | Noticed a phantom
  3100 | D:4      | Killed Duvessa
  3100 | D:4      | Reached XP level 6. HP: 29/48 MP: 6/6
  3121 | D:4      | HP: 2/48 [Dowan/shard of ice (20)]
  3129 | D:4      | Killed from afar by Dowan

Illustrated notes

Levels and vault maps discovered:
D:1:      minmay_arrival_three_doors, layout_basic, minmay_close_crescents
D:2:      layout_loops_ring, serial_forest, infiniplex_forest_straight_4,
          infiniplex_forest_end_3, infiniplex_forest_clump_small,
          infiniplex_forest_clump_double, infiniplex_forest_lined_corner,
          infiniplex_forest_straight_1, infiniplex_forest_clump_tiny,
          infiniplex_forest_straight_3, infiniplex_forest_clump_small
D:3:      layout_basic
D:4:      layout_loops_cross, kennysheep_mini_moat, lemuel_blue_sif_altar,
          first_ration, serial_co_window_serial, co_window_paths_a,
          co_window_paths_b, co_window_corner_a, co_window_corner_a,
          co_window_corner_a, co_window_of_opportunity_a, co_window_paths_a,
          co_window_of_opportunity_a, co_window_paths_a, co_window_corner_cb,
          co_window_of_opportunity_b, co_window_corner_b, co_window_paths_c,
          co_window_unsneaky_path_d, co_window_2corner, co_window_paths_d,
          co_window_sun, glass_columns_b, glass_columns_a, glass_columns_c,
          uniq_duvessa

Skill      XL: |  1  2  3  4  5 |
---------------+----------------+-----
Long Blades    | 2 3 |  3.0
Armour         | 3 4 |  4.6
Shields        | 3 |  3.7
Fighting       | 4 |  4.1

Action                   |  1- 3 |  4- 6 || total
-------------------------+-------+-------++-------
Melee: Long sword        |   153 |   128 ||   281
       Kick              |       |    18 ||    18
 Stab: Sleeping          |     1 |       ||     1
  Eat: Ration            |     1 |     1 ||     2
Armor: Scale mail        |    73 |    61 ||   134
Dodge: Dodged            |    49 |    40 ||    89
Block: Kite shield       |    86 |    66 ||   152
       Rpst.: Long sword |    15 |    16 ||    31

Table legend:
 A = Non-vault XP
 B = Vault XP
 C = Vault XP percentage of total XP
 D = Non-vault monster count
 E = Vault monster count
 F = Vault count percentage of total count
                 A         B        C        D         E       F
            +---------+---------+-------+---------+---------+-------
      Total |     310 |     156 |  33.5 |      72 |       5 |   6.5
            +---------+---------+-------+---------+---------+-------
        D:1 |      33 |      11 |  25.0 |      19 |       4 |  17.4
        D:2 |      60 |       0 |   0.0 |      22 |       0 |   0.0
        D:3 |      40 |       0 |   0.0 |      17 |       0 |   0.0
        D:4 |     177 |     145 |  45.0 |      14 |       1 |   6.7
            +---------+---------+-------+---------+---------+-------
